 Dungeon Crawl Stone Soup version 0.25-a0-317-g5f8687bca5 (webtiles) character file.

Game seed: 10849424753372314181, levelgen mode: deterministic

1519 Error4North the Chopper (level 8, -11/69 HPs)
             Began as a Hill Orc Fighter on Dec 26, 2019.
             Was a Believer of Okawaru.
             Killed by divine providence
             ... invoked by an orc priest
              (14 damage)
             ... on level 6 of the Dungeon.
             The game lasted 00:18:08 (5524 turns).

Error4North the Chopper (Hill Orc Fighter)          Turns: 5524, Time: 00:18:09

Health: -11/69     AC: 10    Str: 21    XL:     8   Next: 84%
Magic:  10/11      EV:  8    Int: 10    God:    Okawaru [**....]
Gold:   225        SH: 10    Dex: 12    Spells: 12/12 levels left

rFire    . . .     SeeInvis .   a - +0 war axe
rCold    . . .     Gourm    .   c - +0 shield
rNeg     . . .     Faith    .   b - +0 scale mail
rPois    .         Spirit   .   s - +0 helmet
rElec    .         Reflect  .   (no cloak)
rCorr    .         Harm     .   (no gloves)
MR       .....                  (no boots)
Stlth    ..........             (no amulet)
HPRegen  0.21/turn              (no ring)
MPRegen  0.12/turn              (no ring)

@: lightly drained
A: talons 1, thin metallic scales 1, agile 1, clever 1
a: Heroism, Renounce Religion, Convert to Beogh


You were on level 6 of the Dungeon.
You worshipped Okawaru.
Okawaru was pleased with you.
You were not hungry.

You visited 2 branches of the dungeon, and saw 7 of its levels.

You collected 285 gold pieces.
You spent 60 gold pieces at shops.

Inventory:

Hand Weapons
 a - a +0 war axe (weapon)
 j - a +0 hunting sling
Missiles
 e - 218 stones (quivered)
 q - 22 sling bullets
 w - 3 javelins
Armour
 b - a +0 scale mail (worn)
 c - a +0 shield (worn)
 s - a +0 helmet (worn)
Jewellery
 g - an uncursed ring of protection from fire
 n - an uncursed amulet of faith
Wands
 y - a wand of polymorph (8)
Scrolls
 h - 5 scrolls of teleportation {unknown}
 i - 4 scrolls of identify
 l - 3 scrolls of remove curse
 m - a scroll of enchant weapon {unknown}
 o - a scroll of amnesia {unknown}
 p - 4 scrolls of fog {unknown}
 r - 3 scrolls of enchant armour {unknown}
 t - a scroll of immolation {unknown}
Potions
 d - 2 potions of might
 k - a potion of magic {unknown}
 z - a potion of lignification
Comestibles
 f - 2 rations


   Skills:
 + Level 5.5(5.0) Fighting
 + Level 6.9(6.4) Axes
 + Level 1.5(1.1) Slings
 * Level 6.3(5.8) Armour
 + Level 1.2(0.8) Dodging
 + Level 0.2(0.0) Stealth
 * Level 6.9(6.4) Shields
 * Level 2.5(2.1) Spellcasting


You had 12 spell levels left.
You didn't know any spells.
Your spell library was empty.

Dungeon Overview and Level Annotations

Branches:
Dungeon (6/15)             Temple (1/1) D:4

Altars:
Ashenzari
Cheibriados
Dithmenos
Elyvilon
Fedhas
Gozag
Hepliaklqana
Kikubaaqudgha
Makhleb
Nemelex Xobeh
Okawaru
Qazlal
Ru
Sif Muna
Trog
Uskayaw
Vehumet
Wu Jian
Yredelemnul
Zin
The Shining One

Shops:
D:4 *   D:5 ?

Annotations:
D:5 2 transporters, zyxw121's ghost, novice HaHu


Innate Abilities, Weirdness & Mutations

You have sharp toenails.
You are partially covered in thin metallic scales. (AC +2)
You are agile. (Dex +2)
Your mind is acute. (Int +2)


Message History

You feel like a meek peon again.
The killer bee buzzes angrily. x2
The killer bee buzzes angrily. x2
You slash the killer bee! You claw the killer bee.
The killer bee is almost dead.
You closely miss the orc priest.
The orc priest shouts, "Beogh is our master!
Accept the truth or die!"
You hear a shout!
The killer bee stings you.
* * * LOW HITPOINT WARNING * * *
An orc comes into view.
You block the killer bee's attack.
The orc priest mumbles some strange prayers to Beogh against you.
Pain shoots through your body!
* * * LOW HITPOINT WARNING * * *
The killer bee stings you but does no damage.
The killer bee barely misses you.
The orc priest mumbles some strange prayers to Beogh against you.
Beogh smites you!
You die...

#.. #.###.#.# #..
#.......#
#.###..######.###
.((..(ยง.........#
#.#######...###.#
#.....#.#
#.....#.#
#...o.#.#
#.oo@.#.#
#...y.#.#
#...y.#.#
.....yyy#.#
#####....#.#
.y...#.# ##o#..#.#
.....#.# #. #.#.#


You could see 6 killer bees, an orc priest, an orc wizard and 2 orcs.

Vanquished Creatures
  Pikel (D:5)
  Menkaure (D:5)
  An orc warrior (D:6)
  2 ogres (D:5)
  A scorpion (D:4)
  5 wights (D:6)
  A crimson imp (D:5)
  A hound (D:4)
  A centaur zombie (D:5)
  3 orc priests
  Jessica (D:3)
  4 orc wizards
  A hound skeleton (D:6)
  2 adders
  An ooze (D:3)
  A worm (D:3)
  2 dart slugs
  3 leopard geckos
  16 orcs
  3 ball pythons
  5 giant cockroaches
  7 goblins
  3 hobgoblins
  4 jackals
  3 kobolds
  2 quokkas
  3 bats
  8 frilled lizards
  12 rats
98 creatures vanquished.

Vanquished Creatures (others)
  Eustachio (D:5)
  A hound zombie (D:5)
  An orc (D:5)
  A giant cockroach (D:5)
4 creatures vanquished.

Grand Total: 102 creatures vanquished

Notes
Turn   | Place    | Note
-------+----------+-------------------------------------------
     0 | D:1      | Error4North the Hill Orc Fighter began the quest for the
                  | Orb.
     0 | D:1      | Reached XP level 1. HP: 19/19 MP: 1/1
    99 | D:1      | Reached XP level 2. HP: 24/27 MP: 2/2
   794 | D:2      | Reached XP level 3. HP: 31/33 MP: 3/3
   795 | D:2      | Found a hide-covered altar of Uskayaw.
   800 | D:2      | Noticed a +0 hand axe
   800 | D:2      | Noticed a +0 hand axe
  1028 | D:2      | Found a faded altar of an unknown god.
  1346 | D:3      | Noticed Jessica
  1359 | D:3      | Killed Jessica
  1359 | D:3      | Reached XP level 4. HP: 38/41 MP: 4/4
  1562 | D:3      | Paralysed by a hobgoblin for 4 turns
  1572 | D:3      | Paralysed by a hobgoblin for 7 turns
  1641 | D:3      | Reached XP level 5. HP: 27/47 MP: 5/5
  2009 | D:4      | Found Inylisef's General Store.
  2028 | D:4      | Noticed a fire elemental
  2029 | D:4      | Found a stormy altar of Qazlal.
  2037 | D:4      | Noticed an air elemental
  2057 | D:4      | Noticed a water elemental
  2191 | D:4      | Reached XP level 6. HP: 24/53 MP: 7/7
  2630 | D:4      | Reached skill level 1 in Spellcasting
  2861 | D:4      | Found a staircase to the Ecumenical Temple.
  3032 | Temple   | Entered the Ecumenical Temple
  3113 | Temple   | Became a worshipper of Warmaster Okawaru
  3262 | D:4      | Reached skill level 5 in Shields
  3583 | D:5      | Entered Level 5 of the Dungeon
  3583 | D:5      | Noticed Menkaure
  3583 | D:5      | Noticed a slave
  3584 | D:5      | Noticed a slave
  3621 | D:5      | Found Ittinax's Magic Scroll Boutique.
  3626 | D:5      | Bought a scroll of identify for 24 gold pieces
  3626 | D:5      | Bought a scroll of remove curse for 36 gold pieces
  3667 | D:5      | Found a transporter.
  3669 | D:5      | Found a transporter.
  3670 | D:5      | Noticed zyxw121's ghost (novice HaHu)
  3707 | D:5      | Noticed Pikel
  3711 | D:5      | Noticed a slave
  3712 | D:5      | Noticed a slave
  3717 | D:5      | Killed Pikel
  3717 | D:5      | Reached * piety under Okawaru
  3717 | D:5      | Reached ** piety under Okawaru
  3717 | D:5      | Reached skill level 5 in Fighting
  3717 | D:5      | Reached skill level 5 in Axes
  3717 | D:5      | Reached skill level 1 in Slings
  3717 | D:5      | Reached skill level 5 in Armour
  3717 | D:5      | Reached XP level 7. HP: 46/61 MP: 7/10
  3762 | D:5      | Found a sparkling altar of Nemelex Xobeh.
  3777 | D:5      | Noticed Eustachio
  3789 | D:5      | Gained mutation: Your mind is acute. (Int +2) [potion of
                  | mutation]
  3789 | D:5      | Gained mutation: You have sharp toenails. [potion of
                  | mutation]
  3789 | D:5      | Gained mutation: You are agile. (Dex +2) [potion of
                  | mutation]
  3789 | D:5      | Gained mutation: You are partially covered in thin metallic
                  | scales. (AC +2) [potion of mutation]
  3796 | D:5      | HP: 2/61 [ogre/+0 giant club (9)]
  3832 | D:5      | HP: 2/91 [orc wizard/magic dart (6)]
  3833 | D:5      | Reached XP level 8. HP: 2/68 MP: 11/11
  3833 | D:5      | Reached skill level 1 in Dodging
  4165 | D:5      | Killed Eustachio
  4175 | D:5      | HP: 1/68 [Menkaure (16)]
  4176 | D:5      | Killed Menkaure
  4586 | D:5      | Found an ornate altar of the Wu Jian Council.
  4888 | D:5      | Found a glowing golden altar of the Shining One.
  5523 | D:6      | HP: 3/69 [orc priest/nerve-wracking pain (14)]
  5524 | D:6      | Killed from afar by an orc priest

Levels and vault maps discovered:
D:1:      elethiomel_arrival_diamonds, layout_basic,
          chequers_serial_rivers_large_b
D:2:      minmay_wonky_spiral, layout_basic, dancing_weapons_uskayaw,
          first_ration, chequers_ecumenical_altar_grove
D:3:      layout_basic, uniq_jessica
D:4:      layout_gridville, nicolae_qazlal_style_of_elements, temple_hall,
          serial_shops, kennysheep_little_box
D:5:      layout_basic, lemuel_doored_altar, nicolae_overflow_crystal_walls,
          kennysheep_mini, gammafunk_ghost_mausoleum, serial_shops, shop,
          patterned_corridor, uniq_menkaure, uniq_pikel, uniq_eustachio
D:6:      layout_basic, uniq_prince_ribbit1
Temple:   eino_temple_rhombus

Skill      XL: |  1  2  3  4  5  6  7  8 |
---------------+-------------------------+-----
Fighting       | 4 5 |  5.5
Axes           | 3 4 5 6 |  6.9
Shields        | 4 5 6 |  6.9
Armour         | 4 5 6 |  6.3
Spellcasting   | 2 |  2.5
Slings         | 1 |  1.5
Dodging        | 1 |  1.2
Stealth        | |  0.2

Action                   |  1- 3 |  4- 6 |  7- 9 || total
-------------------------+-------+-------+-------++-------
Melee: War axe           |    90 |   141 |    73 ||   304
       Kick              |       |       |    25 ||    25
 Fire: Hunting sling     |       |    25 |    17 ||    42
Throw: Stone             |     1 |       |       ||     1
Invok: Heroism           |       |       |     1 ||     1
Evoke: Wand              |       |       |     1 ||     1
  Use: Potion            |       |     2 |     8 ||    10
       Scroll            |       |     1 |       ||     1
  Eat: Chunk             |     2 |     4 |     1 ||     7
       Ration            |       |     1 |     2 ||     3
Armor: Scale mail        |    40 |    77 |    48 ||   165
       Skin              |       |       |     4 ||     4
Dodge: Dodged            |    21 |    42 |    54 ||   117
Block: Shield            |    60 |    91 |    84 ||   235

Table legend:
 A = Non-vault XP
 B = Vault XP
 C = Vault XP percentage of total XP
 D = Non-vault monster count
 E = Vault monster count
 F = Vault count percentage of total count
                 A         B        C        D         E       F
            +---------+---------+-------+---------+---------+-------
      Total |    1323 |     848 |  39.1 |      88 |      11 |  11.1
            +---------+---------+-------+---------+---------+-------
        D:1 |      19 |       9 |  32.1 |       9 |       7 |  43.8
        D:2 |      37 |       1 |   2.6 |      15 |       1 |   6.2
        D:3 |     136 |      37 |  21.4 |      25 |       1 |   3.8
        D:4 |     241 |       0 |   0.0 |      22 |       0 |   0.0
        D:5 |     422 |     801 |  65.5 |       9 |       2 |  18.2
        D:6 |     468 |       0 |   0.0 |       8 |       0 |   0.0
            +---------+---------+-------+---------+---------+-------
